 Dungeon Crawl Stone Soup version 0.20.1-1-g8b1a95d (webtiles) character file.

79 Lanoc the Grave Robber (level 4, -3/24 HPs)
             Began as a Deep Elf Necromancer on Nov 28, 2017.
             Killed by nerve-wracking pain
             ... invoked by an orc priest
              (13 damage)
             ... on level 3 of the Dungeon.
             The game lasted 00:09:03 (2108 turns).

Lanoc the Grave Robber (Deep Elf Necromancer)       Turns: 2108, Time: 00:09:04

Health: -3/24      AC:  3    Str:  5    XL:     4   Next: 16%
Magic:  1/12       EV: 13    Int: 21    God:
Gold:   139        SH:  0    Dex: 15    Spells: 7/12 levels left

rFire    . . .     SeeInvis .   (no weapon)
rCold    . . .     Gourm    .   (no shield)
rNeg     . . .     Faith    .   a - +0 robe
rPois    .         Spirit   .   (no helmet)
rElec    .         Reflect  .   (no cloak)
rCorr    .         Harm     .   g - +0 pair of gloves
MR       .....                  (no boots)
Stlth    ++........             (no amulet)
Regen    0.1/turn               (no ring)
MPRegen  0.2/turn               (no ring)

@: no status effects
A: no striking features
a: no special abilities


You were on level 3 of the Dungeon.
You were not hungry.

You visited 1 branch of the dungeon, and saw 3 of its levels.

You collected 139 gold pieces.

Inventory:

Missiles
 i - 24 arrows
Armour
 a - a +0 robe (worn)
 g - a +0 pair of gloves (worn)
Scrolls
 e - 2 scrolls of teleportation {unknown}
 h - 3 scrolls of identify {unknown}
 l - a scroll of amnesia {unknown}
Potions
 d - a potion of mutation {unknown}
 k - a potion of berserk rage {unknown}
Books
 b - a book of Necromancy

   Spells                             Type                      Level
   a - Pain                           Necromancy                   1
   b - Animate Skeleton               Necromancy                   1
   c - Vampiric Draining              Necromancy                   3
   d - Regeneration                   Charms/Necromancy            3
   e - Animate Dead                   Necromancy                   4
   f - Control Undead                 Necromancy                   4
Comestibles
 c - a bread ration
 j - 8 chunks of flesh
 m - a meat ration


   Skills:
 + Level 2.4 Dodging
 + Level 2.6 Stealth
 + Level 4.8 Spellcasting
 + Level 5.8 Necromancy


You had 7 spell levels left.
You knew the following spells:

 Your Spells              Type           Power        Failure   Level  Hunger
a - Pain                  Necr           ####         1%          1    None
b - Animate Skeleton      Necr           N/A          1%          1    None
c - Vampiric Draining     Necr           ####......   3%          3    ##.....


Dungeon Overview and Level Annotations

Branches:
Dungeon (3/15)

Altars:
Qazlal
The Shining One


Message History

The orc priest mumbles some strange prayers to Beogh against you.
Beogh smites you!
Ouch! That really hurt!
* * * LOW HITPOINT WARNING * * *
The orc hits you but does no damage.
The orc wizard casts a spell.
The orc wizard flickers and vanishes!
Deactivating autopickup; reactivate with Ctrl-A.
Casting: Pain
Confirm with . or Enter, or press ? or * to list all spells.
Aiming: Vampiric Draining
Press: ? - help, Shift-Dir - straight line, f - orc
Aim: an orc You kill the orc!
You feel life coursing into your body.
Your hobgoblin skeleton misses the orc priest.
The orc priest invokes the aid of Beogh against you.
Pain shoots through your body!
Ouch! That really hurt!
You die...

#.#.##.##########.#...#.##.#...
#.#...................#.##.####
#.####.##########.##..#.##.#
#.#.......### #.....#.##.#
#.#.###.>...# #####.#.##.# #.#
#.....# #^#.##.# #
#.....#########.#.# .. .
#.#...........#.# #
#.#.....@.....+.#
..#...o.......###
.....#{#########
##.####Z######## # #.........#
#...Z.....# #.........#
#.....†)..##### #..............


You could see an orc priest.

Vanquished Creatures
  3 adders
  3 dart slugs
  4 leopard geckos
  3 orcs (D:3)
  6 bats
  2 giant cockroaches (D:3)
  5 hobgoblins
  A ball python (D:1)
  3 frilled lizards
  2 goblins (D:1)
  3 kobolds
  3 rats
38 creatures vanquished.

Vanquished Creatures (collateral kills)
  An orc (D:3)
  A giant cockroach (D:1)
  A goblin (D:3)
3 creatures vanquished.

Grand Total: 41 creatures vanquished

Notes
Turn   | Place    | Note
-------+----------+-------------------------------------------
     0 | D:1      | Lanoc the Deep Elf Necromancer began the quest for the Orb.
     0 | D:1      | Reached XP level 1. HP: 10/10 MP: 6/6
    12 | D:1      | Learned a level 1 spell: Animate Skeleton
    64 | D:1      | Reached skill level 5 in Necromancy
   117 | D:1      | Reached XP level 2. HP: 5/15 MP: 1/8
  1101 | D:2      | Found a stormy altar of Qazlal.
  1138 | D:2      | Found a glowing golden altar of the Shining One.
  1199 | D:2      | Reached XP level 3. HP: 15/19 MP: 5/10
  1837 | D:3      | Learned a level 3 spell: Vampiric Draining
  2052 | D:3      | Reached XP level 4. HP: 21/24 MP: 9/12
  2101 | D:3      | HP: 1/24 [orc priest/divine providence (11)]
  2108 | D:3      | Killed from afar by an orc priest

Skill      XL: |  1  2  3 |
---------------+----------+-----
Necromancy     | 5 |  5.8
Spellcasting   | 4 |  4.8
Dodging        | |  2.4
Stealth        | |  2.6

Action                   |  1- 3 |  4- 6 || total
-------------------------+-------+-------++-------
Melee: Unarmed           |       |     1 ||     1
 Cast: Pain              |    55 |    11 ||    66
       Animate Skeleton  |    12 |     2 ||    14
       Vampiric Draining |       |     1 ||     1
  Use: Potion            |       |     2 ||     2
  Eat: Chunk             |     3 |       ||     3
Armor: Robe              |       |     4 ||     4
Dodge: Dodged            |     6 |     4 ||    10
